 Dungeon Sprint DCSS version 0.22.1-2-g9c5b331 (webtiles) character file.

9839 diana the Nimble (level 11, 0/93 HPs)
             Began as a Gnoll Gladiator on Nov 30, 2018.
             Was the Champion of Trog.
             Slain by a two-headed ogre
             ... wielding a +0 giant club
              (26 damage)
             ... in the Dungeon (Sprint IX: "|||||||||||||||||||||||||||||").
             The game lasted 00:09:54 (2884 turns).

diana the Nimble (Gnoll Gladiator)                  Turns: 2884, Time: 00:09:55

Health: 0/93       AC: 17    Str: 22    XL:     11   Next: 52%
Magic:  25/25      EV: 16    Int: 10    God:    Trog [******]
Gold:   1288       SH:  0    Dex: 20    Spells: 30/30 levels left

rFire    . . .     SeeInvis .   q - +4 quarterstaff of Acubagol {speed, *Noise rC+ rN+ Str+2}
rCold    + . .     Gourm    .   (shield currently unavailable)
rNeg     + . .     Faith    .   w - +1 chain mail
rPois    .         Spirit   .   c - +0 helmet
rElec    .         Reflect  .   (no cloak)
rCorr    .         Harm     .   (no gloves)
MR       ++...     NoTele   +   D - +0 pair of boots
Stlth    ++........             (no amulet)
HPRegen  1.25/turn              u - +3 ring of dexterity
MPRegen  0.19/turn              v - +2 ring of protection

@: regenerating
A: distributed training, fangs 1, strong nose
a: Berserk, Trog's Hand, Brothers in Arms, Renounce Religion


You were in the Dungeon.
You worshipped Trog.
Trog was exalted by your worship.
You were very hungry.

You visited 1 branch You collected 1288 gold pieces.

Inventory:

Hand Weapons
 a - a +4 antimagic glaive
 q - the +4 quarterstaff of Acubagol (weapon) {speed, *Noise rC+ rN+ Str+2}
   (You found it in the Dungeon)

   Attacks with this weapon are significantly faster.
   It affects your strength (+2).
   It protects you from cold.
   It protects you from negative energy.
   It may make noises in combat.
 r - a +2 vampiric scimitar
 s - a +2 triple crossbow of freezing
 B - a +6 hunting sling of freezing
 C - a +4 fustibalus of freezing
Missiles
 d - 3 throwing nets (quivered)
 z - 55 arrows
 A - 8 sling bullets
 E - 12 bolts
Armour
 c - a +0 helmet (worn)
 w - a +1 chain mail (worn)
 D - a +0 pair of boots (worn)
Magical Staves
 o - an uncursed staff of energy
Jewellery
 u - a +3 ring of dexterity (left hand)
 v - a +2 ring of protection (right hand)
Wands
 n - a wand of acid (10)
Scrolls
 k - 3 scrolls of blinking
 m - 5 scrolls of remove curse
 p - 2 scrolls of amnesia
 x - a scroll of fog
 y - 2 scrolls of enchant armour
Potions
 b - a potion of mutation
 e - a potion of invisibility
 g - 5 potions of heal wounds
 h - a potion of haste
 i - 4 potions of magic
 j - 3 potions of berserk rage
 l - 2 potions of curing
 t - a potion of agility
Comestibles
 f - 11 rations


   Skills:
 + Level 11.1 Fighting
 + Level 10.2 Short Blades
 + Level 10.2 Long Blades
 + Level 10.2 Axes
 + Level 10.2 Maces & Flails
 + Level 10.2 Polearms
 + Level 11.9 Staves
 + Level 10.2 Slings
 + Level 10.2 Bows
 + Level 10.2 Crossbows
 + Level 11.1 Throwing
 + Level 10.2 Armour
 + Level 11.9 Dodging
 + Level 10.2 Stealth
 + Level 10.2 Shields
 + Level 10.2 Unarmed Combat
 + Level 10.2 Spellcasting
 + Level 8.6 Conjurations
 + Level 8.6 Hexes
 + Level 8.6 Charms
 + Level 8.6 Summonings
 + Level 8.6 Necromancy
 + Level 8.6 Translocations
 + Level 8.6 Transmutations
 + Level 8.6 Fire Magic
 + Level 8.6 Ice Magic
 + Level 8.6 Air Magic
 + Level 8.6 Earth Magic
 + Level 8.6 Poison Magic
 + Level 11.1 Invocations
 + Level 10.2 Evocations


You had 30 spell levels left.
You didn't know any spells.
Your spell library contained the following spells:

 Spells                   Type           Power        Failure   Level  Hunger
 Confusing Touch          Hex            ###...       2%          1    None
 Confuse                  Hex            ###.....     7%          3    ##.....
 Gell's Gravitas          Tloc           ###.......   7%          3    ##.....
 Petrify                  Tmut/Erth      ###.....     22%         4    ####...
 Metabolic Englaciation   Hex/Ice        ###.......   52%         5    #####..
 Yara's Violent Unravell  Hex/Tmut       ###.......   52%         5    #####..


Dungeon Overview and Level Annotations

Branches:
Dungeon (1/1)

Altars:
Cheibriados
Dithmenos
Elyvilon
Fedhas
Gozag
Hepliaklqana
Kikubaaqudgha
Makhleb
Nemelex Xobeh
Okawaru
Qazlal
Ru
Sif Muna
Trog
Uskayaw
Vehumet
Wu Jian
Xom
Yredelemnul
Zin
The Shining One
Beogh
Jiyva
Lugonu

Shops:
D [


Innate Abilities, Weirdness & Mutations

Your experience applies equally to all skills.
You have very sharp teeth.
Your uncanny sense of smell can sniff out nearby items.


Message History

The two-headed ogre hits you with a giant club!
The two-headed ogre hits you but does no damage.
You thump the two-headed ogre!
You hear a bellow!
You kill the two-headed ogre!
Trog accepts your kill.
You thump the two-headed ogre!
The two-headed ogre is moderately wounded.
You feel the effects of Trog's Hand fading.
You hit the two-headed ogre.
The two-headed ogre is moderately wounded.
The two-headed ogre misses you.
The two-headed ogre hits you with a giant club!
* * * LOW HITPOINT WARNING * * *
You barely miss the two-headed ogre.
The two-headed ogre is moderately wounded.
You hit the two-headed ogre.
The two-headed ogre is heavily wounded.
The two-headed ogre hits you with a giant club!!
You die...

∆ ∆∆∆∆∆∆∆∆ ∆∆∆∆∆∆∆∆ ∆∆∆∆ ∆∆∆∆
▓▓▓▓▓▓▓▓▓▓▓▓▓▓▓▓▓▓▓▓▓▓▓▓▓▓▓▓▓▓▓▓▓
)))))))).....[')@O........))($$$$
▓▓▓▓▓▓▓▓▓▓▓▓▓▓▓▓▓▓▓▓▓▓▓▓▓▓▓▓▓▓▓▓▓
.................................
▓▓▓▓▓▓▓▓▓▓▓▓▓▓▓▓▓▓▓▓▓▓▓▓▓▓▓▓▓▓▓▓▓
.)......'.)†.†....'.........'.†).
▓▓▓▓▓▓▓▓▓▓▓▓▓▓▓▓▓▓▓▓▓▓▓▓▓▓▓▓▓▓▓▓▓
.................................
▓▓▓▓▓▓▓▓▓▓▓▓▓▓▓▓▓▓▓▓▓▓▓▓▓▓▓▓▓▓▓▓▓
...'________________________'...)


You could see a two-headed ogre.

Vanquished Creatures
  A hydra (D)
  2 two-headed ogres (D)
  An orc knight (D)
  2 lindwurms (D)
  An ugly thing (D)
  A black mamba (D)
  3 spiny frogs (D)
  A torpor snail (D)
  2 komodo dragons (D)
  A rime drake (D)
  3 tyrant leeches (D)
  A hippogriff (D)
  A blink frog (D)
  A shadow (D)
  2 water moccasins (D)
  3 porcupines (D)
  10 orc warriors (D)
  An eye of draining (D)
  4 ogres (D)
  A crocodile (D)
  2 bullfrogs (D)
  A killer bee (D)
  A crimson imp (D)
  A jelly (D)
  3 orc priests (D)
  6 orc wizards (D)
  3 worker ants (D)
  An adder (D)
  An adder zombie (D)
  3 worms (D)
  2 dart slugs (D)
  8 orcs (D)
  A giant cockroach (D)
  A quokka (D)
  A bat (D)
  A frilled lizard (D)
  A giant cockroach zombie (D)
79 creatures vanquished.

Vanquished Creatures (collateral kills)
  A two-headed ogre (D)
1 creature vanquished.

Vanquished Creatures (others)
  A spatial maelstrom (D)
1 creature vanquished.

Grand Total: 81 creatures vanquished

Notes
Turn   | Place    | Note
-------+----------+-------------------------------------------
     0 | D        | diana the Gnoll Gladiator began the quest for the Orb.
     0 | D        | Reached XP level 1. HP: 20/20 MP: 1/1
    13 | D        | Reached skill level 1 in Invocations
    17 | D        | Reached skill level 1 in Short Blades
    17 | D        | Reached skill level 1 in Long Blades
    17 | D        | Reached skill level 1 in Axes
    17 | D        | Reached skill level 1 in Maces & Flails
    17 | D        | Reached skill level 1 in Polearms
    17 | D        | Reached skill level 1 in Slings
    17 | D        | Reached skill level 1 in Bows
    17 | D        | Reached skill level 1 in Crossbows
    17 | D        | Reached skill level 1 in Armour
    17 | D        | Reached skill level 1 in Stealth
    17 | D        | Reached skill level 1 in Shields
    17 | D        | Reached skill level 1 in Unarmed Combat
    17 | D        | Reached skill level 1 in Spellcasting
    17 | D        | Reached skill level 1 in Evocations
    17 | D        | Reached XP level 2. HP: 20/26 MP: 1/3
    27 | D        | Banished a spatial maelstrom
    90 | D        | Reached skill level 1 in Conjurations
    90 | D        | Reached skill level 1 in Hexes
    90 | D        | Reached skill level 1 in Charms
    90 | D        | Reached skill level 1 in Summonings
    90 | D        | Reached skill level 1 in Necromancy
    90 | D        | Reached skill level 1 in Translocations
    90 | D        | Reached skill level 1 in Transmutations
    90 | D        | Reached skill level 1 in Fire Magic
    90 | D        | Reached skill level 1 in Ice Magic
    90 | D        | Reached skill level 1 in Air Magic
    90 | D        | Reached skill level 1 in Earth Magic
    90 | D        | Reached skill level 1 in Poison Magic
    98 | D        | Reached skill level 5 in Fighting
    98 | D        | Reached skill level 5 in Throwing
    98 | D        | Reached XP level 3. HP: 20/33 MP: 3/6
   107 | D        | Reached XP level 4. HP: 21/39 MP: 4/7
   256 | D        | Found a roughly hewn altar of Beogh.
   256 | D        | Found a snail-covered altar of Cheibriados.
   256 | D        | Found a shadowy altar of Dithmenos.
   256 | D        | Found a white marble altar of Elyvilon.
   256 | D        | Found a blossoming altar of Fedhas.
   256 | D        | Found an opulent altar of Gozag.
   257 | D        | Found a hazy altar of Hepliaklqana.
   258 | D        | Found a viscous altar of Jiyva.
   259 | D        | Found an ancient bone altar of Kikubaaqudgha.
   260 | D        | Found a corrupted altar of Lugonu.
   261 | D        | Found a burning altar of Makhleb.
   262 | D        | Found a sparkling altar of Nemelex Xobeh.
   263 | D        | Found an iron altar of Okawaru.
   264 | D        | Found a stormy altar of Qazlal.
   265 | D        | Found a sacrificial altar of Ru.
   266 | D        | Found a deep blue altar of Sif Muna.
   267 | D        | Found a bloodstained altar of Trog.
   268 | D        | Found a hide-covered altar of Uskayaw.
   269 | D        | Found a radiant altar of Vehumet.
   270 | D        | Found an ornate altar of the Wu Jian Council.
   271 | D        | Found a shimmering altar of Xom.
   272 | D        | Found a basalt altar of Yredelemnul.
   273 | D        | Found a glowing silver altar of Zin.
   274 | D        | Found a glowing golden altar of the Shining One.
   275 | D        | Became a worshipper of Trog the Wrathful
   296 | D        | Got the +4 quarterstaff of Acubagol {speed, *Noise rC+ rN+
                  | Str+2}
   430 | D        | Noticed a hippogriff
   454 | D        | Killed a hippogriff
   454 | D        | Reached XP level 5. HP: 19/47 MP: 8/11
   454 | D        | Reached XP level 6. HP: 21/53 MP: 8/12
   461 | D        | Reached * piety under Trog
   461 | D        | Reached skill level 5 in Invocations
   476 | D        | Reached ** piety under Trog
   724 | D        | Noticed an eye of draining
   724 | D        | Noticed a red ugly thing
   724 | D        | Noticed a shadow
   742 | D        | Killed an eye of draining
   742 | D        | Reached *** piety under Trog
   742 | D        | Reached skill level 5 in Short Blades
   742 | D        | Reached skill level 5 in Long Blades
   742 | D        | Reached skill level 5 in Axes
   742 | D        | Reached skill level 5 in Maces & Flails
   742 | D        | Reached skill level 5 in Polearms
   742 | D        | Reached skill level 5 in Slings
   742 | D        | Reached skill level 5 in Bows
   742 | D        | Reached skill level 5 in Crossbows
   742 | D        | Reached skill level 5 in Armour
   742 | D        | Reached skill level 5 in Stealth
   742 | D        | Reached skill level 5 in Shields
   742 | D        | Reached skill level 5 in Unarmed Combat
   742 | D        | Reached skill level 5 in Spellcasting
   742 | D        | Reached skill level 5 in Evocations
   742 | D        | Reached XP level 7. HP: 60/60 MP: 0/14
   753 | D        | Killed a red ugly thing
   753 | D        | Reached XP level 8. HP: 67/67 MP: 1/17
   764 | D        | Killed a shadow
   764 | D        | Reached skill level 5 in Conjurations
   764 | D        | Reached skill level 5 in Hexes
   764 | D        | Reached skill level 5 in Charms
   764 | D        | Reached skill level 5 in Summonings
   764 | D        | Reached skill level 5 in Necromancy
   764 | D        | Reached skill level 5 in Translocations
   764 | D        | Reached skill level 5 in Transmutations
   764 | D        | Reached skill level 5 in Fire Magic
   764 | D        | Reached skill level 5 in Ice Magic
   764 | D        | Reached skill level 5 in Air Magic
   764 | D        | Reached skill level 5 in Earth Magic
   764 | D        | Reached skill level 5 in Poison Magic
   943 | D        | Noticed a rime drake
   943 | D        | Noticed a black mamba
   943 | D        | Noticed a spiny frog
   946 | D        | Noticed a spiny frog
   952 | D        | Killed a rime drake
   952 | D        | Reached **** piety under Trog
   952 | D        | Received a gift from Trog
   957 | D        | Noticed a komodo dragon
   961 | D        | Killed a black mamba
   961 | D        | Reached XP level 9. HP: 57/75 MP: 17/19
   964 | D        | Killed a spiny frog
   964 | D        | Received a gift from Trog
   968 | D        | Received a gift from Trog
   977 | D        | Killed a spiny frog
   977 | D        | Reached skill level 10 in Staves
   977 | D        | Reached skill level 10 in Dodging
   984 | D        | Reached ***** piety under Trog
   993 | D        | Killed a komodo dragon
  1221 | D        | Noticed a seven-headed hydra
  1221 | D        | Noticed a torpor snail
  1221 | D        | Noticed a spiny frog
  1228 | D        | Noticed a komodo dragon
  1230 | D        | Killed a seven-headed hydra
  1230 | D        | Reached XP level 10. HP: 22/83 MP: 20/22
  1545 | D        | Killed a torpor snail
  1550 | D        | Received a gift from Trog
  1564 | D        | Killed a spiny frog
  1588 | D        | Reached skill level 10 in Fighting
  1588 | D        | Reached skill level 10 in Throwing
  1834 | D        | Noticed a lindwurm
  1881 | D        | Received a gift from Trog
  2008 | D        | Killed a lindwurm
  2009 | D        | Noticed a lindwurm
  2014 | D        | Reached skill level 10 in Invocations
  2038 | D        | Killed a lindwurm
  2038 | D        | Received a gift from Trog
  2320 | D        | Reached ****** piety under Trog
  2326 | D        | Received a gift from Trog
  2348 | D        | Reached XP level 11. HP: 92/92 MP: 24/24
  2354 | D        | Received a gift from Trog
  2392 | D        | Noticed an orc knight
  2418 | D        | Killed an orc knight
  2461 | D        | Received a gift from Trog
  2478 | D        | Received a gift from Trog
  2819 | D        | Found Recva's Antique Armour Emporium.
  2819 | D        | Noticed a two-headed ogre
  2819 | D        | Noticed a two-headed ogre
  2824 | D        | Killed a two-headed ogre
  2831 | D        | Noticed a two-headed ogre
  2840 | D        | Killed a two-headed ogre
  2840 | D        | Reached skill level 10 in Short Blades
  2840 | D        | Reached skill level 10 in Long Blades
  2840 | D        | Reached skill level 10 in Axes
  2840 | D        | Reached skill level 10 in Maces & Flails
  2840 | D        | Reached skill level 10 in Polearms
  2840 | D        | Reached skill level 10 in Slings
  2840 | D        | Reached skill level 10 in Bows
  2840 | D        | Reached skill level 10 in Crossbows
  2840 | D        | Reached skill level 10 in Armour
  2840 | D        | Reached skill level 10 in Stealth
  2840 | D        | Reached skill level 10 in Shields
  2840 | D        | Reached skill level 10 in Unarmed Combat
  2840 | D        | Reached skill level 10 in Spellcasting
  2840 | D        | Reached skill level 10 in Evocations
  2844 | D        | Received a gift from Trog
  2848 | D        | Noticed a two-headed ogre
  2879 | D        | Killed a two-headed ogre
  2884 | D        | Slain by a two-headed ogre

Skill      XL: |  1  2  3  4  5  6  7  8  9 10 11 |
---------------+----------------------------------+-----
Invocations    | 1 2 4 5 6 7 9 10 11 | 11.1
Short Blades   | 1 2 4 5 6 7 8 9 10 | 10.2
Long Blades    | 1 2 4 5 6 7 8 9 10 | 10.2
Axes           | 1 2 4 5 6 7 8 9 10 | 10.2
Maces & Flails | 1 2 4 5 6 7 8 9 10 | 10.2
Polearms       | 1 2 4 5 6 7 8 9 10 | 10.2
Slings         | 1 2 4 5 6 7 8 9 10 | 10.2
Bows           | 1 2 4 5 6 7 8 9 10 | 10.2
Crossbows      | 1 2 4 5 6 7 8 9 10 | 10.2
Armour         | 1 2 4 5 6 7 8 9 10 | 10.2
Stealth        | 1 2 4 5 6 7 8 9 10 | 10.2
Shields        | 1 2 4 5 6 7 8 9 10 | 10.2
Unarmed Combat | 1 2 4 5 6 7 8 9 10 | 10.2
Spellcasting   | 1 2 4 5 6 7 8 9 10 | 10.2
Evocations     | 1 2 4 5 6 7 8 9 10 | 10.2
Conjurations   | 1 2 3 4 5 6 7 8 |  8.6
Hexes          | 1 2 3 4 5 6 7 8 |  8.6
Charms         | 1 2 3 4 5 6 7 8 |  8.6
Summonings     | 1 2 3 4 5 6 7 8 |  8.6
Necromancy     | 1 2 3 4 5 6 7 8 |  8.6
Translocations | 1 2 3 4 5 6 7 8 |  8.6
Transmutations | 1 2 3 4 5 6 7 8 |  8.6
Fire Magic     | 1 2 3 4 5 6 7 8 |  8.6
Ice Magic      | 1 2 3 4 5 6 7 8 |  8.6
Air Magic      | 1 2 3 4 5 6 7 8 |  8.6
Earth Magic    | 1 2 3 4 5 6 7 8 |  8.6
Poison Magic   | 1 2 3 4 5 6 7 8 |  8.6
Fighting       | 5 6 7 8 9 10 11 | 11.1
Throwing       | 5 6 7 8 9 10 11 | 11.1
Staves         | 7 8 9 10 11 | 11.9
Dodging        | 7 8 9 10 11 | 11.9

Action                   |  1- 3 |  4- 6 |  7- 9 | 10-12 || total
-------------------------+-------+-------+-------+-------++-------
Melee: Quarterstaff      |    30 |    54 |    76 |   237 ||   397
       Bite              |     3 |     8 |    16 |    53 ||    80
 Fire: Hunting sling     |       |       |       |    14 ||    14
       Fustibalus        |       |       |       |    20 ||    20
       Triple crossbow   |       |       |       |     4 ||     4
Invok: Trog's Hand       |       |       |       |     1 ||     1
       Brothers in Arms  |       |       |       |     1 ||     1
  Use: Potion            |     1 |     1 |     1 |       ||     3
  Eat: Chunk             |       |       |     1 |     5 ||     6
Armor: Leather armour    |     3 |       |       |       ||     3
       Chain mail        |       |    15 |    31 |    22 ||    68
Dodge: Dodged            |    22 |    25 |    36 |    65 ||   148
